Map: Lightshade LE

Players

TheShredder - Winner!

  • Race: Terran Terran
  • League: Diamond

Mac

  • Race: Terran Terran
  • League: Platinum

VOD

Have the link to the VOD?

Description

Time

  • Played on: June 28, 2021, 5:39 p.m.
  • Length: 19:58
Show
View Real Time Build Order
Export as new Build Order

TheShredder Terran - Winner!

Build Orders:  

Get SALT Encoding   

  12  0:00  SCV  
  13  0:14  SCV  
  13  0:20  Supply Depot  
  14  0:26  Refinery  
  14  0:28  SCV  
  15  0:42  SCV  
  16  0:45  Barracks  
  16  0:58  SCV  
  17  1:10  SCV  
  18  1:20  Barracks x2  
  18  1:24  SCV  
  19  1:35  Reaper  
  19  1:36  SCV  
  21  1:43  Supply Depot  
  21  1:48  SCV  
  22  2:00  SCV, Refinery  
  23  2:08  Reaper  
  23  2:14  Reaper x2  
  26  2:18  Orbital Command  
  26  2:25  Supply Depot  
  26  2:48  Factory  
  26  3:03  Command Center  
  27  3:27  SCV  
  27  3:39  SCV, Factory Tech Lab  
  28  3:42  Starport  
  28  3:51  SCV  
  28  4:03  SCV  
  29  4:11  Cyclone  
  29  4:12  Marine x2  
  29  4:15  SCV  
  34  4:34  SCV  
  34  4:36  Viking  
  37  4:43  Cyclone  
  39  4:46  SCV  
  39  4:50  Marine x2  
  39  4:51  Marine  
  42  4:55  Engineering Bay  
  42  4:59  Bunker  
  42  5:06  Viking  
  44  5:08  Marine  
  44  5:09  Marine  
  46  5:16  SCV  
  47  5:28  SCV  
  48  5:40  SCV  
  49  5:52  SCV  
  50  6:04  SCV  
  50  6:05  Starport Tech Lab  
  50  6:07  Starport  
  51  6:17  Planetary Fortress  
  51  6:22  Supply Depot  
  51  6:25  Supply Depot  
  51  6:26  Marine  
  51  6:27  Marine, Supply Depot  
  51  6:31  Command Center  
  53  6:34  Barracks Tech Lab  
  53  6:35  Refinery  
  53  6:37  Refinery  
  53  6:44  Marine  
  53  6:45  Starport Tech Lab  
  54  6:52  Fusion Core  
  54  6:54  Siege Tank  
  54  7:01  SCV  
  58  7:03  SCV  
  59  7:13  SCV  
  60  7:25  SCV  
  57  7:37  SCV  
  57  7:38  Siege Tank  
  57  7:41  Battlecruiser  
  57  7:43  Factory  
  67  7:47  Battlecruiser  
  67  7:49  SCV  
  74  8:00  Missile Turret  
  74  8:06  Missile Turret  
  74  8:07  Missile Turret  
  74  8:13  Weapon Refit  
  74  8:20  Supply Depot  
  74  8:21  Supply Depot  
  74  8:22  Planetary Fortress  
  74  8:30  SCV x2  
  76  8:40  Factory Tech Lab  
  76  8:41  Siege Tank  
  76  8:42  SCV  
  76  8:44  SCV  
  81  8:56  SCV  
  81  8:57  Refinery  
  81  8:58  Battlecruiser  
  81  8:59  Refinery  
  88  9:08  SCV  
  89  9:11  SCV  
  89  9:12  SCV  
  91  9:20  SCV  
  91  9:23  Battlecruiser  
  91  9:24  SCV x2  
  100  9:26  Supply Depot  
  100  9:36  SCV x3  
  92  10:20  Battlecruiser  
  97  10:43  SCV x2  
  97  10:44  SCV  
  97  10:48  Siege Tank  
  103  10:55  SCV  
  104  11:04  SCV x2  
  104  11:07  SCV  
  104  11:08  Siege Tank  
  104  11:10  Command Center  
  110  11:13  Armory  
  110  11:24  Battlecruiser  
  96  11:59  Battlecruiser  
  96  12:00  Siege Tank x2  
  108  12:24  Marine x2  
  108  12:26  Marine, Command Center  
  111  12:31  Battlecruiser  
  117  12:42  Marine x2  
  117  12:43  Marine  
  120  12:56  Thor x2  
  132  13:29  Supply Depot  
  132  13:30  Supply Depot x3  
  132  13:34  Factory  
  132  13:35  Factory  
  132  13:38  SCV x3, Marine x3  
  132  13:40  Planetary Fortress, Sensor Tower  
  138  13:43  Refinery  
  138  13:50  SCV x3  
  141  13:55  Marine  
  141  14:02  SCV x3  
  145  14:13  Marine  
  145  14:14  SCV x2  
  117  14:26  SCV x2  
  107  14:43  Battlecruiser x2  
  119  15:12  Thor x2  
  131  15:25  Factory Tech Lab x2  
  119  15:44  Refinery  
  119  15:47  Siege Tank x2, Battlecruiser  
  131  15:55  Thor  
  137  15:58  Planetary Fortress  
  137  16:01  SCV  
  138  16:04  Command Center  
  138  16:07  Missile Turret  
  138  16:19  Siege Tank x2  
  144  16:30  Missile Turret  
  144  16:31  Battlecruiser  
  150  16:32  Missile Turret  
  150  16:33  Thor  
  155  16:56  Thor  
  155  16:57  Thor  
  167  17:04  Refinery  
  167  17:06  Refinery  
  167  17:12  Supply Depot  
  167  17:14  Thor  
  167  17:15  Supply Depot  
  173  17:16  Supply Depot x2  
  170  17:59  Thor x4  
  194  18:22  SCV  
Show
View Real Time Build Order
Export as new Build Order

Mac Terran 

Build Orders: Liberator Opening 

Get SALT Encoding   

  12  0:00  SCV  
  13  0:12  SCV  
  14  0:17  Supply Depot  
  14  0:26  SCV  
  15  0:39  SCV  
  15  0:40  Barracks  
  16  0:45  Refinery  
  16  0:51  Refinery  
  16  0:54  SCV  
  17  1:08  SCV  
  18  1:20  SCV  
  19  1:28  Reaper, Supply Depot  
  20  1:35  Orbital Command  
  20  1:53  Factory  
  20  2:00  Reaper  
  20  2:01  SCV  
  22  2:13  SCV  
  23  2:25  SCV  
  23  2:33  Command Center  
  23  2:37  SCV  
  23  2:40  Hellion  
  26  2:47  Starport  
  26  2:50  SCV  
  27  2:53  Barracks Reactor  
  27  3:01  Hellion  
  29  3:08  SCV  
  27  3:25  Liberator  
  30  3:30  SCV  
  31  3:40  Supply Depot  
  31  3:42  Supply Depot  
  31  3:46  Supply Depot  
  31  3:53  Command Center  
  31  4:01  SCV, Reaper  
  31  4:02  Hellion, Reaper  
  32  4:13  SCV  
  32  4:25  SCV, Liberator  
  35  4:37  SCV  
  36  4:45  Reaper x2  
  38  4:49  SCV  
  39  4:55  Command Center  
  39  5:01  SCV  
  40  5:09  Starport Tech Lab  
  40  5:11  Factory Tech Lab  
  40  5:14  SCV  
  41  5:26  SCV  
  40  5:42  Marine x2  
  42  5:43  Siege Tank  
  41  6:00  Marine x2  
  37  6:04  SCV  
  38  6:15  Siege Tank  
  38  6:17  SCV  
  42  6:25  Marine, Refinery  
  43  6:29  Raven  
  43  6:30  Barracks  
  43  6:31  Barracks  
  43  6:32  Barracks, Orbital Command  
  45  6:36  Marine  
  46  6:51  Siege Tank  
  46  6:53  SCV  
  50  6:56  Refinery  
  50  7:00  Supply Depot x2  
  50  7:05  SCV x2  
  52  7:17  SCV  
  52  7:18  SCV  
  52  7:21  Barracks Reactor x3  
  54  7:29  SCV  
  52  7:30  SCV  
  52  7:37  Marine  
  52  7:39  Siege Tank  
  52  7:40  Viking  
  52  7:41  SCV  
  52  7:42  SCV  
  60  7:53  SCV  
  60  7:54  SCV, Marine  
  60  7:57  Marine  
  60  7:58  Marine x4  
  66  7:59  Marine  
  66  8:04  Stimpack  
  70  8:05  SCV  
  70  8:06  SCV  
  70  8:11  Siege Tank  
  70  8:12  Marine  
  74  8:16  Command Center  
  74  8:17  SCV  
  74  8:18  SCV  
  77  8:29  SCV  
  77  8:30  SCV, Marine  
  77  8:32  Marine x4  
  77  8:33  Marine  
  85  8:36  Supply Depot  
  85  8:37  Supply Depot  
  85  8:42  SCV  
  85  8:48  Engineering Bay  
  85  8:58  Viking  
  87  9:03  Marine x5  
  87  9:05  Viking  
  87  9:06  Siege Tank  
  87  9:09  Supply Depot  
  97  9:10  SCV  
  97  9:11  SCV  
  99  9:19  Missile Turret, Terran Infantry Weapons Level 1  
  99  9:23  Engineering Bay  
  99  9:26  Marine x2  
  99  9:28  Viking  
  103  9:43  Combat Shield  
  91  10:06  Marine x5  
  91  10:07  Marine x2  
  86  10:17  Barracks  
  81  10:24  Marine x7  
  79  10:28  Siege Tank  
  77  10:36  Orbital Command  
  77  10:41  Marine  
  77  10:42  Marine x6  
  81  10:48  Viking  
  81  10:49  Barracks  
  83  10:50  Starport  
  83  10:51  SCV x2  
  85  10:59  Marine  
  85  11:00  Marine x6, Siege Tank  
  85  11:03  SCV  
  96  11:14  SCV  
  96  11:15  SCV  
  96  11:18  Marine  
  99  11:19  Marine x4  
  99  11:21  Viking x2  
  99  11:24  Terran Infantry Armor Level 1  
  107  11:28  Starport Reactor  
  107  11:30  Armory  
  106  11:32  Siege Tank  
  82  11:51  Viking  
  82  11:52  Marine x3  
  82  11:53  Marine x6  
  81  11:58  SCV x2  
  81  12:02  SCV  
  82  12:10  SCV, Marine x3  
  82  12:11  SCV, Marine x4  
  82  12:13  Missile Turret x2  
  92  12:17  SCV  
  92  12:20  Refinery x2  
  92  12:21  Barracks Reactor  
  92  12:24  Siege Tank  
  95  12:30  Marine x2  
  95  12:31  Barracks Reactor, Marine x3  
  95  12:33  SCV  
  101  12:47  Command Center  
  101  12:55  Marine  
  101  12:56  Marine x6  
  108  13:01  Viking x2  
  95  13:13  Marine  
  95  13:17  Marine x4  
  95  13:18  Marine x4  
  95  13:19  Marine  
  105  13:20  Barracks Reactor  
  105  13:29  Factory, Terran Infantry Weapons Level 2, Siege Tank  
  105  13:31  SCV, Viking, Marine  
  112  13:35  Marine  
  112  13:36  SCV x2  
  115  13:43  SCV  
  115  13:48  SCV x2  
  118  13:53  Viking x2, Medivac  
  124  13:55  SCV  
  124  13:59  Marine x3  
  124  14:01  Marine x2  
  91  14:22  Marine  
  91  14:23  Viking, Marine x11  
  72  14:40  Marine  
  72  14:45  Marine x9, Orbital Command  
  67  14:46  Marine  
  64  14:54  Marine  
  64  14:58  Marine  
  61  15:02  Marine x2  
  61  15:03  Marine x2  
  65  15:09  Orbital Command  
  65  15:16  Marine x2  
  67  15:22  Marine x3  
  70  15:34  Orbital Command  
  64  15:43  SCV x2  
  66  15:54  SCV  
  66  15:55  SCV x2  
  69  16:02  Marine x4  
  69  16:03  Marine x5  
  78  16:06  SCV  
  78  16:07  SCV  
  78  16:08  Marine x2  
  78  16:11  Viking  
  84  16:14  SCV x2  
  86  16:18  SCV  
  86  16:19  SCV  
  86  16:21  Marine x2  
  90  16:26  SCV  
  90  16:28  Marine x2  
  90  16:29  Viking  
  90  16:30  Viking  
  97  16:37  Marine x2  
  89  16:47  Marine x2  
  89  16:48  Marine x2  
  89  16:50  Terran Ship Weapons Level 1  
  89  16:51  Terran Infantry Weapons Level 3, Terran Infantry Armor Level 2  
  89  16:53  SCV x2  
  89  16:54  SCV x2  
  97  17:01  Refinery  
  97  17:08  Marine x3  
  98  17:09  Marine x6  
  106  17:17  Barracks  
  106  17:21  Barracks  
  106  17:22  Viking  
  108  17:23  Viking  
  108  17:25  SCV x2  
  108  17:28  Siege Tank  
  71  17:44  Marine  
  71  17:45  Marine x10  
  71  17:46  Marine  
  77  18:02  Marine x2  
  77  18:03  Marine x9  
  88  18:06  SCV  
  88  18:09  Refinery x2  
  89  18:20  Marine x2  
  89  18:23  Marine  
  89  18:24  Marine  
  89  18:26  Command Center  
  93  18:36  Medivac x2  
  93  18:39  SCV  
  93  18:40  SCV  
  93  18:41  Command Center  
  63  19:03  Marine x3  
  63  19:04  Marine x11  
  63  19:06  Medivac  
  74  19:21  Marine x2  
Tags
 
Add a new tag
Caveats
  • Supply blocks, unpowered buildings, or Contaminate may cause inaccurate times.
  • Supply counts are checked every 10 seconds.